 Dungeon Crawl Stone Soup version 0.29.0-15-g675c0067aa (webtiles) character file.

Game seed: 5486032459359348279

4230 slphil the Basher (level 10, -3/82 HPs)
             Began as a Formicid Abyssal Knight on Sept 12, 2022.
             Was a High Priest of Lugonu.
             Shot with an arrow by Nessos (15 damage)
             ... on level 12 of the Dungeon.
             The game lasted 00:15:21 (10585 turns).

slphil the Basher (Formicid Abyssal Knight)        Turns: 10585, Time: 00:15:23

Health: -3/82      AC:  9    Str: 22    XL:     10   Next: 55%
Magic:  16/16      EV: 11    Int: 17    God:    Lugonu [*****.]
Gold:   201        SH:  0    Dex: 14    Spells: 9/9 levels left

rFire   + . .      SeeInvis +   a - +6 morningstar "Kahiakug" {drain, Int+7}
rCold   . . .      Faith    .   (no shield)
rNeg    . . .      Spirit   .   G - +2 leather armour {rF+}
rPois   .          Reflect  .   (helmet unavailable)
rElec   .          Harm     .   (no cloak)
rCorr   .          Rampage  .   p - +0 pair of gloves
Will    +....                   v - +2 pair of boots
Stlth   +.........              (no amulet)
HPRegen 0.00/turn               g - ring of wizardry
MPRegen 0.15/turn               (no ring)

@: lethally poisoned (-3 -> -27), inhibited regen
A: permanent stasis, dig shafts and tunnels, antennae 3, four strong arms,
inhibited regeneration, noise suppression
a: Dig, Shaft Self, Renounce Religion, Depart the Abyss, Bend Space, Banish,
Corrupt, Enter the Abyss


You were on level 12 of the Dungeon.
You worshipped Lugonu.
Lugonu was extremely pleased with you.
You visited 1 branch of the dungeon, and saw 10 of its levels.
You visited the Abyss 1 time.

You collected 482 gold pieces.
You spent 281 gold pieces at shops.

Inventory:

Hand Weapons
 a - the +6 morningstar "Kahiakug" (weapon) {drain, Int+7}
   (You bought it in a shop on level 3 of the Dungeon)

   A truly terrible weapon, it drains the life of any living foe it strikes.
   Int:       It affects your intelligence (+7).
 b - the +6 shillelagh "Devastator" {shatter}
   (You found it on level 3 of the Dungeon)

   It releases a powerful concussive burst when it strikes, dealing extra damage
   to the target and all other foes adjacent to them.
 f - a +1 mace
 w - a +0 morningstar
 D - a +0 great mace
 J - a +5 vorpal dire flail
Missiles
 u - a throwing net
Armour
 p - a +0 pair of gloves (worn)
 v - a +2 pair of boots (worn)
 C - a +0 leather armour
 G - a +2 leather armour of fire resistance (worn)
Jewellery
 g - a ring of wizardry (left hand)
Wands
 r - a wand of polymorph (2)
 y - a wand of flame (24)
Scrolls
 d - a scroll of enchant armour {unknown}
 i - 2 scrolls of silence {unknown}
 l - 2 scrolls of brand weapon {unknown}
 n - a scroll of magic mapping {unknown}
 o - a scroll of butterflies {unknown}
 q - 2 scrolls of immolation {unknown}
 t - 3 scrolls of poison
 x - a scroll of torment {unknown}
 B - 3 scrolls of teleportation
 E - a scroll of fear {unknown}
 H - a scroll of identify
Potions
 c - 4 potions of curing
 e - 4 potions of degeneration
 h - a potion of brilliance {unknown}
 j - 3 potions of lignification
 k - 3 potions of cancellation
 m - 3 potions of attraction
 s - 2 potions of magic {unknown}
 z - 2 potions of resistance
 A - 2 potions of heal wounds
 F - 2 potions of might
 I - a potion of ambrosia {unknown}
 K - a potion of haste {unknown}


   Skills:
 + Level 8.7 Fighting
 * Level 10.6 Maces & Flails
 - Level 2.1 Armour
 - Level 0.8 Dodging
 + Level 9.1 Invocations


You had 9 spell levels left.
You didn't know any spells.
Your spell library contained the following spells:

 Spells                   Type           Power      Damage    Failure   Level
 Beastly Appendage        Tmut           0%         N/A       11%         1
 Summon Small Mammal      Summ           0%         N/A       11%         1
 Scorch                   Fire           0%         2d5       16%         2
 Wereblood                Tmut           0%         N/A       16%         2
 Call Canine Familiar     Summ           0%         N/A       32%         3
 Spider Form              Tmut/Pois      0%         N/A       32%         3
 Stone Arrow              Conj/Erth      0%         3d7       32%         3
 Summon Guardian Golem    Hex/Summ       0%         N/A       32%         3
 Animate Armour           Summ/Erth      0%         N/A       69%         4
 Flame Wave               Conj/Fire      0%         2d4       69%         4
 Summon Cactus Giant      Summ           0%         N/A       100%        6
 Lehudib's Crystal Spear  Conj/Erth      0%         10d2      100%        8


Dungeon Overview and Level Annotations

Branches:
Dungeon (9/15)             Temple (0/1) D:7
   Lair: D:8-11         Orc: D:9-12

Altars:
Ashenzari
Elyvilon
Gozag
Okawaru
Vehumet
Wu Jian

Shops:
D:3 *(?

Annotations:
D:7 exclusion: oklob plant
D:12 Nessos
Abyss:1 Crazy Yiuf, Grinder


Innate Abilities, Weirdness & Mutations

You cannot be hasted, slowed, berserked, paralysed or teleported.
You can dig through walls and to a lower floor.
You have a pair of large antennae on your head. (SInv)
Your four strong arms can wield two-handed weapons with a shield.
You do not regenerate when monsters are visible.
You passively dampen the noise of your surroundings.


Message History

Your will is overpowered!
You are confused.
Nessos says, "Even if you were a mare, I'd kill you!"
Nessos barely misses you. Nessos kicks you but does no damage.
You are too confused!
You barely miss Nessos.
Nessos is moderately wounded.
You feel sick.
Nessos intently looks at you, slowly moving their tail.
Nessos zaps a wand.
You easily resist.
Nessos zaps a wand.
You easily resist.
Nessos closely misses you. Nessos kicks you but does no damage.
Unknown command.
You bump into the rock wall.
You feel sick. Nessos completely misses you.
Nessos kicks you but does no damage.
Nessos zaps a wand.
You easily resist.
You bump into the rock wall.
You feel sick. Nessos misses you. Nessos closely misses you.
Nessos casts a spell.
Nessos blinks!
You bump into the rock wall.
You feel sick.
Nessos wields a +1 longbow of flaming.
It bursts into flame!
Nessos shoots an arrow.
The arrow hits you!! The arrow burns you.
You are more poisoned.
Nessos zaps a wand.
You easily resist.
Unknown command.
Okay, then.
You bump into the rock wall.
You feel very sick.
Nessos shoots an arrow.
The arrow hits you!
* * * LOW HITPOINT WARNING * * *
The arrow burns you.
You are more poisoned.
* * * LOW HITPOINT WARNING * * *
Nessos mumbles some strange words.
Nessos blinks!
Your magical effects are unravelling.
You feel magically purged.
You feel less confused.
* * * LOW HITPOINT WARNING * * *
You feel very sick.
Nessos shoots an arrow.
The arrow hits you!
You die...

{ { { ## ##
{{ .#c #ยง#
#@#
######.# #
#......#
#.#
#.######
#...###.#
#.......#
....#####.#
# #.# #.#


You could see Nessos (fast, drained).

Vanquished Creatures
  Joseph (D:7)
  A hornet (D:6)
  A wyvern (D:6)
  Edmund (D:5)
  3 water moccasins
  3 black bears
  2 ice beasts
  3 orc warriors
  2 sky beasts (D:7)
  A centaur (D:8)
  A gnoll sergeant (D:5)
  2 necrophages
  4 scorpions
  5 wights (D:8)
  8 killer bees
  2 howler monkeys
  5 jellies (D:7)
  A hound (D:4)
  2 orc priests
  3 iguanas
  7 orc wizards
  Robin (D:3)
  4 gnolls (D:5)
  5 adders
  A shadow imp (D:6)
  2 ufetubi
  2 worms
  A dart slug (D:2)
  35 orcs
  22 endoplasms
  5 giant cockroaches
  16 hobgoblins
  11 jackals
  11 kobolds
  3 quokkas
  7 ball pythons
  3 bats
  3 frilled lizards
  17 goblins
  6 rats
213 creatures vanquished.

Vanquished Creatures (others)
  13 fungi
  4 plants (D:3)
17 creatures vanquished.

Grand Total: 230 creatures vanquished

Notes
Turn   | Place    | Note
-------+----------+-------------------------------------------
     0 | Abyss:1  | slphil the Formicid Abyssal Knight began the quest for the
                  | Orb.
     0 | Abyss:1  | Reached XP level 1. HP: 18/18 MP: 2/2
     1 | D:1      | Escaped the Abyss
   143 | D:1      | Reached XP level 2. HP: 13/24 MP: 3/3
   834 | D:1      | Reached XP level 3. HP: 21/29 MP: 4/4
  1000 | D:1      | Reached *** piety under Lugonu
  1396 | D:1      | Reached skill level 3 in Maces & Flails
  1861 | D:2      | Reached XP level 4. HP: 28/37 MP: 6/6
  2795 | D:3      | Found Jidarere's Magic Scroll Emporium.
  2803 | D:3      | Bought a scroll of identify for 20 gold pieces
  2889 | D:3      | Found a runed translucent door.
  2890 | D:3      | Noticed Crazy Yiuf
  2892 | D:3      | Found the +6 shillelagh "Devastator" {shatter}
  2967 | D:3      | Found a broken altar of Ashenzari.
  3106 | D:3      | Found a faded altar of an unknown god.
  3109 | D:3      | Noticed Robin
  3124 | D:3      | Reached XP level 5. HP: 40/42 MP: 7/7
  3170 | D:3      | Killed Robin
  3434 | D:3      | Found Cujeavul's Antique Weapon Shop.
  3442 | D:3      | Reached **** piety under Lugonu
  3580 | D:3      | Found an iron altar of Okawaru.
  3721 | D:3      | Found Iqeunn's Assorted Antiques.
  3876 | D:3      | Noticed Grinder
  3884 | D:3      | Banished Grinder
  3885 | D:3      | Reached skill level 4 in Maces & Flails
  3885 | D:3      | Reached XP level 6. HP: 15/49 MP: 3/9
  4203 | D:3      | Gained mutation: You passively dampen the noise of your
                  | surroundings. [potion of mutation]
  4203 | D:3      | Gained mutation: You do not regenerate when monsters are
                  | visible. [potion of mutation]
  4205 | D:3      | Banished Crazy Yiuf
  4206 | D:3      | Reached skill level 5 in Maces & Flails
  4323 | D:4      | Reached XP level 7. HP: 50/55 MP: 10/10
  4380 | D:4      | Reached skill level 5 in Fighting
  4853 | D:5      | Entered Level 5 of the Dungeon
  4862 | D:5      | Reached skill level 5 in Invocations
  5014 | D:5      | Noticed a water moccasin
  5016 | D:5      | Killed a water moccasin
  5027 | D:5      | Reached skill level 6 in Maces & Flails
  5098 | D:5      | Reached XP level 8. HP: 54/63 MP: 10/12
  5178 | D:5      | Found a radiant altar of Vehumet.
  5334 | D:5      | Noticed Edmund
  5337 | D:5      | Killed Edmund
  5337 | D:5      | Reached ***** piety under Lugonu
  5459 | D:5      | Reached skill level 7 in Maces & Flails
  6139 | D:5      | Found an opulent altar of Gozag.
  6217 | D:6      | Reached XP level 9. HP: 67/71 MP: 13/13
  6317 | D:6      | Noticed a hornet
  6335 | D:6      | Killed a hornet
  6336 | D:6      | Reached skill level 8 in Maces & Flails
  7369 | D:6      | Reached skill level 9 in Maces & Flails
  7716 | D:7      | Found an ornate altar of the Wu Jian Council.
  7717 | D:7      | Noticed Joseph
  7735 | D:7      | Killed Joseph
  7938 | D:7      | Reached XP level 10. HP: 72/80 MP: 16/16
  8139 | D:7      | Noticed an oklob plant
  8539 | D:7      | Reached skill level 10 in Maces & Flails
  8576 | D:7      | Found a staircase to the Ecumenical Temple.
  8633 | D:7      | HP: 4/82 [poisoned by a killer bee]
  9484 | D:8      | Found a white marble altar of Elyvilon.
 10343 | D:3      | Bought a warped morningstar for 261 gold pieces
 10343 | D:3      | Identified the +6 morningstar "Kahiakug" {drain, Int+7}
                  | (You bought it in a shop on level 3 of the Dungeon)
 10566 | D:9      | You fall into a shaft and drop 3 floors!
 10575 | D:12     | Noticed Nessos
 10585 | D:12     | Shot with an arrow by Nessos

Illustrated notes

Levels and vault maps discovered:
D:1:      mushboom_english_gardens, layout_rooms
D:2:      layout_rooms, grunt_ministairs_1, minmay_tiny_reverse_x
D:3:      corexii_shack_village, layout_loops_ring,
          mainiacjoe_overflow_24_doors, cheibrodos_ashenzari_chains,
          dreamdust_ecumenical_altar_grove, serial_shops, nicolae_square_shop,
          shop, shop, uniq_robin, uniq_grinder, uniq_crazy_yiuf_cottage
D:4:      layout_cave_pools
D:5:      layout_loops_corners, grunt_gozag_statues,
          mainiacjoe_overflow_surrounded_room, lightli_minifort, uniq_edmund
D:6:      layout_gridville, st_stairs_8
D:7:      lemuel_slime, layout_loops_corners, nzn_wu_jian_council_hall,
          temple_fountains, uniq_joseph
D:8:      layout_basic, old_standard_altar
D:9:      layout_roguey, lemuel_flamethrower_1, uniq_psyche
D:12:     nzn_winding_woodlands_small [nzn_winding_woodlands_5x15_concentric,
          nzn_winding_woodlands_center_triple_pond,
          nzn_winding_woodlands_5x15_crooked], layout_loops_ring,
          hiddenorc2_lemuel, uniq_nessos, uniq_snorg, uniq_josephine

Skill      XL: |  1  2  3  4  5  6  7  8  9 10 |
---------------+-------------------------------+-----
Maces & Flails | 3 4 5 6 7 9 10 | 10.6
Invocations    | 3 4 5 6 8 9 |  9.1
Fighting       | 4 5 6 7 8 |  8.7
Armour         | |  2.1
Dodging        | |  0.8

Action                   |  1- 3 |  4- 6 |  7- 9 | 10-12 || total
-------------------------+-------+-------+-------+-------++-------
Melee: Mace              |   103 |   142 |       |       ||   245
       Punch             |       |     3 |       |     1 ||     4
       Shillelagh        |       |    13 |   127 |    81 ||   221
       Morningstar       |       |     5 |       |     3 ||     8
Invok: Banish            |       |     2 |       |       ||     2
       Bend Space        |       |     1 |       |       ||     1
  Use: Scroll            |       |     6 |     5 |       ||    11
       Potion            |       |     1 |     1 |     1 ||     3
 Stab: Sleeping          |       |     2 |       |       ||     2
Armor: Leather armour    |    38 |    43 |    32 |    40 ||   153
Dodge: Dodged            |    79 |    89 |    55 |    67 ||   290
